 Dungeon Crawl Stone Soup version 0.32-a0-841-g4648e6c457 (webtiles) character file.

Game seed: 15906799141308086611

164 oldriver the Trooper (level 5, -4/55 HPs)
             Began as an Oni Shapeshifter on Mar 27, 2024.
             Was a Follower of Jiyva.
             Slain by a gnoll
             ... wielding a +0 flail
             ... led by a gnoll bouda
              (6 damage)
             ... on level 3 of the Dungeon.
             The game lasted 00:02:14 (2276 turns).

oldriver the Trooper (Oni Shapeshifter)             Turns: 2276, Time: 00:02:16

Health: -4/55      AC:  3    Str: 20    XL:     5   Next: 45%
Magic:  5/5        EV: -1    Int: 11    God:    Jiyva [*.....]
Gold:   122        SH:  0    Dex:  8    Spells: 4/4 levels left

rFire   . .          .
                       - Unarmed
rCold   . . .        (no shield)
rNeg    . . .        a - +0 animal skin
rPois   .            (helmet currently unavailable)
rElec   .            (cloak currently unavailable)
rCorr   .            (gloves unavailable)
SInv    .            (boots unavailable)
Will    +....        (no amulet)
Stlth   +            l - ring of willpower
HPRegen 1.09/turn    (no ring)
MPRegen 0.49/turn

%: no passive effects
@: mighty, beast-form, grasped by roots, constricted
A: beast (slay +2), large, unfitting armour, horns 1, tough skin 1, double
potion healing, drunken brawling
a: Begin Untransformation, Renounce Religion


You were on level 3 of the Dungeon.
You worshipped Jiyva.
Jiyva was aware of your devotion.
You were a hulking beast.
You visited 1 branch of the dungeon, and saw 3 of its levels.

You collected 122 gold pieces.

Inventory:

Armour
 a - a +0 animal skin (worn)
 m - a +2 cloak
Jewellery
 l - a ring of willpower (left hand)
Talismans
 c - a beast talisman (active)
 d - a flux talisman
Scrolls
 k - a scroll of teleportation {unknown}
Potions
 b - 2 potions of lignification
 e - a potion of might
 g - a potion of magic {unknown}
 i - a potion of curing {unknown}
 j - a potion of heal wounds {unknown}


   Skills:
 * Level 4.9 Fighting
 - Level 1.7 Dodging
 + Level 3.5 Unarmed Combat
 + Level 3.7 Shapeshifting


You had 4 spell levels left.
You didn't know any spells.
Your spell library contained the following spells:

 Spells                   Type           Power      Damage    Failure   Level
 Freeze                   Ice            0%         1d3       34%         1
 Sting                    Conj/Alch      0%         1d3       34%         1
 Mercury Vapours          Alch/Air       0%         N/A       47%         2
 Frozen Ramparts          Ice            0%         1d1       71%         3
 Mephitic Cloud           Conj/Alch/Air  0%         N/A       71%         3
 Ozocubu's Armour         Ice            0%         N/A       71%         3
 Olgreb's Toxic Radiance  Alch           0%         N/A       98%         4
 Summon Lightning Spire   Summ/Air       0%         N/A       98%         4
 Arcjolt                  Conj/Air       0%         1d10      100%        5
 Metabolic Englaciation   Hex/Ice        0%         N/A       100%        5
 Conjure Ball Lightning   Conj/Air       0%         3x3d6     100%        6


Dungeon Overview and Level Annotations

Branches:
Dungeon (3/15)

Altars:
Elyvilon
Jiyva

Annotations:
D:3 Ijyb


Innate Abilities, Weirdness & Mutations

You are a hulking beast.
Your limbs bulge with bestial killing power. (Slay +2)
You are too large for most types of armour.
You have a pair of small horns on your head.
You have tough skin. (AC +1)
You gain doubled healing and magic from potions.
Whenever you drink a healing potion, you attack all around you.


Message History

You barely miss the gnoll. The gnoll hits you with a +0 club.
You hit the gnoll.
The gnoll is moderately wounded.
The gnoll hits you with a +0 club.
You hit the gnoll but do no damage. Your headbutt misses the gnoll.
The gnoll is moderately wounded.
The gnoll hits you with a +0 club. The gnoll barely misses you.
You barely miss the gnoll.
The gnoll is lightly wounded.
The gnoll is no longer moving quickly.
Ijyb zaps a wand.
The roots erupt in riotous growth!
The gnoll is unaffected.
Ijyb is unaffected.
The grasping roots grab you! The grasping roots constrict you.
The gnoll hits you with a +0 club. The gnoll hits you with a +0 flail.
You hear a shout!
As you read the scroll labelled AFUMIOTA BESA, it crumbles to dust.
You hear a loud clanging noise!
It was a scroll of noise.
The grasping roots constrict you. The gnoll hits you but does no damage.
The gnoll hits you with a +0 flail.
Unknown command.
As you read the scroll labelled TIED INURIKE, it crumbles to dust.
Your body is wracked with pain!
* * * LOW HITPOINT WARNING * * *
The gnoll convulses! x2; Ijyb convulses!
The gnoll convulses!
The gnoll bouda convulses!
It was a scroll of torment.
The grasping roots constrict you.
* * * LOW HITPOINT WARNING * * *
The gnoll hits you with a +0 club.
* * * LOW HITPOINT WARNING * * *
The gnoll hits you with a +0 flail!
* * * LOW HITPOINT WARNING * * *
It was a potion of might.
You feel very mighty all of a sudden. The grasping roots constrict you.
* * * LOW HITPOINT WARNING * * *
The gnoll hits you with a +0 club.
* * * LOW HITPOINT WARNING * * *
The gnoll hits you with a +0 flail.
You die...
Jiyva sends a jelly to digest your remains.

#.##.# #.# #.##.# #.#
#.##.# #.# #.##.# #.#
#.##.#######.######
#.##.†.)..gg..g.g.#
#.##.#####g#####.......
#.##.# #g#


.PPPPP. #.##.# #h# PgP..PP ##.##.####..g# .!.P... #.............g P.Pgg.P
#.###.####...##..Pgg..PP #. #.# ##.## .P...g.P #. #.. ... .P #. #### #.. . #.
#.# #. You could see Ijyb, a gnoll bouda and 4 gnolls.

Vanquished Creatures
  A black bear (D:2)
  3 adders (D:2)
  4 dart slugs (D:1)
  A ribbon worm (D:3)
  An orc (D:3)
  4 ball pythons
  An endoplasm (D:2)
  A giant cockroach (D:1)
  4 goblins
  5 hobgoblins
  3 quokkas
  3 bats
  6 frilled lizards
  6 kobolds
  3 rats
46 creatures vanquished.

Notes
Turn   | Place    | Note
-------+----------+-------------------------------------------
     0 | D:1      | oldriver the Oni Shapeshifter began the quest for the Orb.
     0 | D:1      | Reached XP level 1. HP: 19/19 MP: 1/1
     2 | D:1      | Noticed an elf
     2 | D:1      | Noticed an oni
     4 | D:1      | Noticed a barachi
     4 | D:1      | Noticed a vampire
     6 | D:1      | Noticed a naga
     8 | D:1      | Noticed a human
     8 | D:1      | Noticed a merfolk
    10 | D:1      | Noticed a demigod
    10 | D:1      | Noticed a formicid
    12 | D:1      | Noticed a tengu
    14 | D:1      | Noticed a felid
    14 | D:1      | Noticed a spriggan
    16 | D:1      | Noticed a demonspawn
    18 | D:1      | Noticed a gargoyle
    18 | D:1      | Noticed a troll
    20 | D:1      | Noticed an armataur
    20 | D:1      | Noticed a minotaur
    22 | D:1      | Noticed a dwarf
    22 | D:1      | Noticed a djinni
    24 | D:1      | Noticed an octopode
    26 | D:1      | Noticed a draconian
    26 | D:1      | Noticed a ghoul
    28 | D:1      | Noticed a vine stalker
    98 | D:1      | Reached skill level 2 in Fighting
    98 | D:1      | Reached XP level 2. HP: 24/28 MP: 2/2
   338 | D:1      | Reached XP level 3. HP: 36/36 MP: 3/3
   389 | D:1      | Got the Lectures on the Storm and Freezing
   478 | D:1      | Reached skill level 3 in Fighting
  1024 | D:2      | Noticed a black bear
  1031 | D:2      | Killed a black bear
  1032 | D:2      | Reached skill level 4 in Fighting
  1032 | D:2      | Reached XP level 4. HP: 13/49 MP: 4/4
  1045 | D:2      | Reached XP level 5. HP: 11/55 MP: 5/5
  1361 | D:2      | Found a white marble altar of Elyvilon.
  1591 | D:2      | Found a faded altar of an unknown god.
  1696 | D:2      | Prayed at the altar of an unknown god.
  1696 | D:2      | Became a worshipper of Jiyva Jeomp the Shapeless
  1696 | D:2      | Reached * piety under Jiyva
  2260 | D:3      | Noticed Ijyb
  2276 | D:3      | HP: 2/55 [gnoll/+0 club[a gnoll bouda] (2)]
  2276 | D:3      | Slain by a gnoll

Illustrated notes

Levels and vault maps discovered:
D:1:      kb_arrival_jail, layout_basic
D:2:      layout_basic, shapermc_ecumenical_altar_mp_ritualfount, basic_altar,
          corexii_corridor_pit, chequers_serial_rivers_micro_a,
          serial_park_tiny_pond, uniq_jessica
D:3:      layout_loops_ring, nicolae_grassy_gnolls, uniq_ijyb

Skill      XL: |  1  2  3 |
---------------+----------+-----
Fighting       | 2 4 |  4.9
Unarmed Combat | 3 |  3.5
Dodging        | |  1.7
Shapeshifting  | |  3.7

Action                     |  1- 3 |  4- 6 || total
---------------------------+-------+-------++-------
  Melee: Unarmed           |    72 |    61 ||   133
         Headbutt          |     9 |     9 ||    18
         Punch             |     2 |       ||     2
    Use: Scroll            |       |     2 ||     2
         Potion            |       |     1 ||     1
 Armour: Animal skin       |    52 |    45 ||    97
  Dodge: Dodged            |    22 |    25 ||    47

Table legend: (Time is in decaauts)
 A = Elapsed time spent in this place.
 B = Non-inter-level travel time spent in this place.
 C = Inter-level travel time spent in this place.
 D = Time resting spent in this place.
 E = Time spent auto-exploring this place.
 F = Levels seen in this place.
 G = Mean time per level.
                   A        B        C        D        E       F      G
               +--------+--------+--------+--------+--------+-----+--------+
         Total |   2268 |   2188 |     80 |    282 |   1551 |   3 |  756.0 |
       Dungeon |   2268 |   2188 |     80 |    282 |   1551 |   3 |  756.0 |
               +--------+--------+--------+--------+--------+-----+--------+

Top non-repeatable levels by time:
     D:2: 1016 daAuts
     D:1: 971 daAuts
     D:3: 280 daAuts
